 Dungeon Crawl Stone Soup version 0.18-a0-1121-gb454403 (webtiles) character file.

39 IrkedArmadillo the Chiller (level 3, 0/21 HPs)
             Began as an Octopode Ice Elementalist on Jan 19, 2016.
             Slain by a worm (10 damage)
             ... on level 2 of the Dungeon.
             The game lasted 00:12:54 (945 turns).

IrkedArmadillo the Chiller (OpIE)                    Turns: 945, Time: 00:12:54

Health: 0/21       AC:  1    Str:  7    XL:     3   Next: 45%
Magic:  1/6        EV: 12    Int: 18    God:
Gold:   98         SH:  0    Dex: 12    Spells: 3 memorised, 0 levels left

rFire  . . .     SeeInvis +     (no weapon)
rCold  . . .     Gourm    .     (no shield)
rNeg   . . .     Faith    .     (helmet restricted)
rPois  .         Spirit   .     f - amulet of regeneration
rElec  .         Dismiss  .     i - ring of see invisible
rCorr  .         Reflect  .     (no ring)
SustAt .         Harm     .     (no ring)
MR     .....                    (no ring)
Stlth  +++.......               (no ring)
                                (no ring)
                                (no ring)
                                (no ring)

@: very slightly contaminated, not resistant to hostile enchantments, fairly
stealthy
A: almost no armour, amphibious, 8 rings, constrict 8, camouflage 1, gelatinous
body 1
a: no special abilities


You were on level 2 of the Dungeon.
You were not hungry.

You visited 1 branch of the dungeon, and saw 2 of its levels.

You collected 98 gold pieces.

Inventory:

Jewellery
 f - an amulet of regeneration (around mantle)
 i - a ring of see invisible (left tentacle)
Scrolls
 c - a scroll of identify
 g - a scroll of recharging
Books
 a - a book of Frost

   Spells                             Type                      Level
   a - Freeze                         Ice                          1
   b - Throw Frost                    Conjuration/Ice              2
   c - Ozocubu's Armour               Charms/Ice                   3
   d - Throw Icicle                   Conjuration/Ice              4
   e - Summon Ice Beast               Ice/Summoning                4
   f - Condensation Shield            Ice                          4
Comestibles
 b - 2 bread rations
 d - a meat ration


   Skills:
 + Level 2.2 Dodging
 + Level 2.9 Stealth
 + Level 2.3 Spellcasting
 + Level 1.2 Conjurations
 + Level 0.2 Charms
 + Level 3.7 Ice Magic


You couldn't memorise any spells.
You knew the following spells:

 Your Spells              Type           Power        Failure   Level  Hunger
a - Freeze                Ice            ###.         4%          1    #......
b - Throw Frost           Conj/Ice       ##....       12%         2    ##.....
c - Ozocubu's Armour      Chrm/Ice       #.......     24%         3    ###....


Dungeon Overview and Level Annotations

Branches:
Dungeon (2/15)

Altars:

Annotations:
D:2 Terence


Innate Abilities, Weirdness & Mutations

You cannot wear most types of armour.
You are amphibious.
You can wear up to eight rings at the same time.
You can use your tentacles to constrict eight enemies at once.
Your skin changes colour to match your surroundings (Stealth).
Your rubbery body absorbs attacks (AC +1).


Message History

Found a stone staircase leading down.
As you read the scroll labeled DANTIS ZOTZYOS, it crumbles to dust.
You feel aware of your surroundings.
It was a scroll of magic mapping.
Terence hits you from afar with a trident.
As you read the scroll labeled HENU QIACRUIQIRR, it crumbles to dust.
You feel blessed for a moment.
It was a scroll of remove curse.
Terence barely misses you.
As you read the scroll labeled WYIF DAASTRAOR, it crumbles to dust.
It is a scroll of identify.
Identify which item? (\ to view known items) (? for menu, Esc to quit)
g - a scroll of recharging Terence barely misses you.
You barely miss the worm. Your grab misses the worm.
You squeeze the worm, but do no damage.
The worm is lightly wounded.
Terence hits you from afar with a trident!
You tentacle-slap the worm. You grab the worm.
The worm is moderately wounded.
You constrict the worm. The worm bites you!
You die...

..[.##..##......#
.##....###......#
........#########
.######..#########*
#* ###..#.......* *
####........#****
**#......#...##
.....#######.#####
.....** #...w@#
####,,** #####.#
**,,* #@#*
**,********#..**
*,,,,,,,,,>...*
****
**********#####
,,,* ,,,* ,,,*


You could see Terence and a worm.

Vanquished Creatures
  An adder (D:2)
  2 giant geckos (D:1)
  A giant cockroach (D:1)
  3 goblins (D:1)
  5 hobgoblins (D:1)
  4 bats (D:1)
  3 giant newts
  4 kobolds (D:1)
  2 rats
25 creatures vanquished.

Notes
Turn   | Place    | Note
--------------------------------------------------------------
     0 | D:1      | IrkedArmadillo the Octopode Ice Elementalist began the quest for the Orb.
     0 | D:1      | Reached XP level 1. HP: 11/11 MP: 3/3
   119 | D:1      | Reached XP level 2. HP: 7/17 MP: 3/5
   127 | D:1      | Learned a level 2 spell: Throw Frost
   514 | D:1      | Reached XP level 3. HP: 21/21 MP: 1/6
   520 | D:1      | Learned a level 3 spell: Ozocubu's Armour
   939 | D:2      | Noticed Terence
   945 | D:2      | Slain by a worm

Vault maps used:
D:1:      dpeg_arrival_windows_large_door
D:2:      first_bread, uniq_terence

Action                   || total
-------------------------++-------
Melee: Unarmed           ||    11
 Cast: Freeze            ||    25
       Throw Frost       ||    16
       Ozocubu's Armour  ||     1
  Use: Scroll            ||     3
  Eat: Bread ration      ||     1
